 Dungeon Crawl Stone Soup version 0.21-a0-442-g848f44b (webtiles) character file.

57 Megalobster the Covered (level 3, 0/34 HPs)
             Began as a Deep Dwarf Fighter on Nov 14, 2017.
             Slain by an ogre
             ... wielding a +0 giant spiked club
              (19 damage)
             ... on level 3 of the Dungeon.
             The game lasted 00:03:13 (1126 turns).

Megalobster the Covered (Deep Dwarf Fighter)        Turns: 1126, Time: 00:03:13

Health: 0/34       AC:  8    Str: 20    XL:     3   Next: 73%
Magic:  3/3        EV:  7    Int:  8    God:
Gold:   68         SH:  9    Dex: 12    Spells: 2/2 levels left

rFire    . . .     SeeInvis .   a - +0 war axe
rCold    . . .     Gourm    .   c - +0 shield
rNeg     . . .     Faith    .   b - +0 scale mail
rPois    .         Spirit   .   (no helmet)
rElec    .         Reflect  .   (no cloak)
rCorr    .         Harm     .   o - +0 pair of gloves
MR       .....                  (no boots)
Stlth    ..........             (no amulet)
HPRegen  0.00/turn              (no ring)
MPRegen  0.08/turn              (no ring)

@: non-regenerating
A: damage resistance, heal wounds, sense surroundings 1, no regeneration
a: Heal Wounds


You were on level 3 of the Dungeon.
You were not hungry.

You visited 1 branch of the dungeon, and saw 3 of its levels.

You collected 68 gold pieces.

Inventory:

Hand Weapons
 a - a +0 war axe (weapon)
Missiles
 i - 69 stones (quivered)
 k - 36 poisoned needles
Armour
 b - a +0 scale mail (worn)
 c - a +0 shield (worn)
 o - a +0 pair of gloves (worn)
Jewellery
 p - a +3 amulet of reflection {unknown}
Scrolls
 e - a scroll of magic mapping {unknown}
 h - 2 scrolls of teleportation {unknown}
 j - a scroll of enchant weapon {unknown}
 l - a scroll of amnesia {unknown}
 m - 3 scrolls of remove curse {unknown}
 n - a scroll of random uselessness {unknown}
 s - a scroll of identify {unknown}
 t - a scroll of immolation {unknown}
 u - a scroll of noise {unknown}
 w - 2 scrolls of blinking {unknown}
Potions
 d - 2 potions of might
 q - a potion of flight {unknown}
 r - a potion of heal wounds {unknown}
 v - 2 potions of lignification {unknown}
Comestibles
 f - a bread ration
 g - a chunk of flesh
 x - a meat ration


   Skills:
 + Level 3.0 Fighting
 * Level 3.3 Axes
 + Level 3.8 Armour
 + Level 3.6 Shields


You had 2 spell levels left.
You didn't know any spells.

Dungeon Overview and Level Annotations

Branches:
Dungeon (3/15)

Altars:
Dithmenos


Innate Abilities, Weirdness & Mutations

You are resistant to damage.
You can heal yourself by infusing magical energy.
You passively map a small area around you.
You do not regenerate.


Message History

The ogre hits you but does no damage.
Found a small silver ring.
You hit the ogre.
The ogre is lightly wounded.
The ogre hits you with a giant spiked club!
Some of the chunks of flesh in your inventory have rotted away.
You completely miss the ogre.
The ogre is lightly wounded.
You closely miss the kobold. You block the kobold's attack.
You block the ogre's attack. The kobold hits you but does no damage.
You hit the ogre.
The ogre is lightly wounded.
You barely miss the kobold. The ogre closely misses you.
You block the kobold's attack.
You hit the ogre.
The ogre is lightly wounded.
You miss the kobold. You block the kobold's attack.
The ogre hits you with a giant spiked club!!
Ouch! That really hurt!
You die...

* #.=...# ..#..#
*..#..# # * .....#
# #....# # *,
#g...# # * *
#OK>.# # , ,#@#..#
# * #.#..# # *
*,#.#..# # ,
#.#..# #
*,*,#.#..# # *
#.#..# ,
#.#..#############
*
#.#...............
#.#.##############


You could see an ogre, a hobgoblin and a kobold.

Vanquished Creatures
  A worm (D:3)
  5 dart slugs
  A leopard gecko (D:2)
  5 bats
  2 giant cockroaches
  2 goblins (D:1)
  4 hobgoblins
  8 jackals
  2 ball pythons
  4 frilled lizards
  4 kobolds
  4 rats
42 creatures vanquished.

Notes
Turn   | Place    | Note
-------+----------+-------------------------------------------
     0 | D:1      | Megalobster the Deep Dwarf Fighter began the quest for the Orb.
     0 | D:1      | Reached XP level 1. HP: 20/20 MP: 1/1
    16 | D:1      | Noticed a human
    74 | D:1      | Reached XP level 2. HP: 25/27 MP: 2/2
   390 | D:1      | Reached XP level 3. HP: 28/33 MP: 3/3
   536 | D:2      | Found a shadowy altar of Dithmenos.
  1119 | D:3      | Noticed an ogre
  1126 | D:3      | Slain by an ogre

Vault maps used:
D:1:      shiori_arrival_whats_in_store_for_you
D:2:      lemuel_crystal_altar
D:3:      nicolae_overflow_hidden_temple

Skill      XL: |  1  2  3 |
---------------+----------+-----
Axes           | 3 |  3.3
Fighting       | 3 |  3.0
Armour         | |  3.8
Shields        | |  3.6

Action                   || total
-------------------------++-------
Melee: War axe           ||   131
 Abil: Heal Wounds       ||     1
  Eat: Chunk             ||     1
Armor: Scale mail        ||    77
Dodge: Dodged            ||    50
Block: Shield            ||    78

Table legend:
 A = Spawn XP
 B = Non-spawn XP
 C = Spawn XP percentage of total XP
 D = Spawn monster count
 E = Non-spawn monster count
 F = Spawn count percentage of total count
 G = Total turns spent on level
                    A         B        C        D         E        F      G
               +---------+---------+-------+---------+---------+-------+---------
         Total |       0 |      82 |   0.0 |       0 |      42 |   0.0 |  1126
               +---------+---------+-------+---------+---------+-------+---------
           D:1 |       0 |      46 |   0.0 |       0 |      22 |   0.0 |   536
           D:2 |       0 |      29 |   0.0 |       0 |      17 |   0.0 |   439
           D:3 |       0 |       7 |   0.0 |       0 |       3 |   0.0 |   151
               +---------+---------+-------+---------+---------+-------+---------
